 Dungeon Sprint DCSS version 0.19.1 (webtiles) character file.

5467 dvd the Severer (level 10, -24/91 HPs)
             Began as a Minotaur Fighter on Dec 21, 2016.
             Was a Believer of Hepliaklqana.
             Annihilated by a lorocyproca (33 damage)
             ... in the Dungeon (Sprint I: "Red Sonja").
             The game lasted 00:10:00 (2074 turns).

dvd the Severer (Minotaur Fighter)                  Turns: 2074, Time: 00:10:01

Health: -24/91     AC: 15    Str: 23    XL:     10   Next: 41%
Magic:  0/10       EV: 11    Int:  5    God:    Hepliaklqana [**....]
Gold:   544        SH: 15    Dex: 15    Spells: 0 memorised, 9 levels left

rFire  . . .     SeeInvis .     a - +0 war axe
rCold  + . .     Gourm    .     j - +2 chain mail of Kueptupt {rC+ Dex+4}
rNeg   . . .     Faith    .     c - +1 shield
rPois  .         Spirit   .     (helmet restricted)
rElec  .         Reflect  .     (no cloak)
rCorr  .         Harm     .     (no gloves)
MR     .....     NoTele   +     (no boots)
Stlth  ..........               (no amulet)
                                (no ring)
                                h - ring of stealth

@: no status effects
A: retaliatory headbutt, reduced essence, horns 2
a: Recall Ancestor, Ancestor Identity, Renounce Religion


You were in the Dungeon.
You worshipped Hepliaklqana.
Hepliaklqana was pleased with you.
You were not hungry.

You visited 1 branch You collected 1110 gold pieces.
You spent 566 gold pieces at shops.

Inventory:

Hand Weapons
 a - a +0 war axe (weapon)
 f - a +0 mace
Armour
 c - a +1 shield (worn)
 j - the +2 chain mail of Kueptupt (worn) {rC+ Dex+4}
   (You bought it in a shop in the Dungeon)

   It affects your dexterity (+4).
   It protects you from cold.
Jewellery
 h - a ring of stealth (left hand)
Wands
 b - a wand of paralysis (14/24)
 k - a wand of slowing (16/48)
 l - a wand of random effects (15/48)
Scrolls
 m - a scroll of identify
Potions
 e - 4 potions of curing
 i - 2 potions of magic
Comestibles
 d - a meat ration


   Skills:
 + Level 13.7 Fighting
 + Level 15.2 Axes
 + Level 14.0 Armour
 + Level 4.9 Dodging
 + Level 3.6 Stealth
 + Level 14.1 Shields
 + Level 1.6 Evocations


You had 9 spell levels left.
You didn't know any spells.

Dungeon Overview and Level Annotations

Branches:
Dungeon (1/1)

Altars:
Cheibriados
Dithmenos
Elyvilon
Fedhas
Gozag
Hepliaklqana
Kikubaaqudgha
Makhleb
Nemelex Xobeh
Okawaru
Qazlal
Ru
Sif Muna
Trog
Uskayaw
Vehumet
Xom
Yredelemnul
Zin
The Shining One
Jiyva
Lugonu

Shops:
D !=[

Annotations:
D exclusion: oklob plant


Innate Abilities, Weirdness & Mutations

You reflexively headbutt those who attack you in melee.
You have a pair of horns on your head.
Your life essence is reduced. (-10% HP)


Message History

a dagger; a robe
There is an open door here.
You slash something! You headbutt something! You closely miss something.
Something hits you.
You feel your power leaking away.
You hit something but do no damage. Your headbutt misses something.
Something hits you!
You hit something but do no damage. You closely miss something.
You headbutt something! You block something's attack.
You slice something!! Your headbutt misses something. Something hits you!
* * * LOW HITPOINT WARNING * * *
Unknown command.
You feel much better. Something hits you!
Unknown command.
You feel better. Something hits you!!
* * * LOW HITPOINT WARNING * * *
Unknown command.
You slash something! Something hits you!!
You die...

###############################
#..)..#.)'..#__#..')..#..#§§§§+
'..#..'..#..'..'@{#)..##'#§####
#####'#####'#__####...'§§#.# ##
####..#...#.####§.#####§.§§# #$##
#__####..##.#≈≈≈§§#§§##'####..$#y
#_____##'#..+§§§.§§§§#§§..^#..$##
#_.∩...'.(._#§§≈§.#§§#§..§§'..$$$
#_..__##_(#'##)#####§###§.^#....
#_____###(#.#§)[.###P+ #§.^# #''
#########(####'###.### #§.## #


There were no monsters in sight!

Vanquished Creatures
  2 centaur warriors (D)
  Sonja (D)
  A deep troll (D)
  A lindwurm (D)
  A gargoyle (D)
  2 kobold demonologists (D)
  4 demonic crawlers (D)
  A hornet (D)
  A slime creature (D)
  Sigmund (D)
  A yak (D)
  A floating eye (D)
  An ogre (D)
  A jelly (D)
  Ijyb (D)
  2 ballistomycetes (D)
  A ballistomycete spore (D)
23 creatures vanquished.

Vanquished Creatures (others)
  the Lernaean hydra (D)
  A gargoyle (D)
  A hexer (D)
  2 ancestors (D)
  A ballistomycete spore (D)
6 creatures vanquished.

Grand Total: 29 creatures vanquished

Notes
Turn   | Place    | Note
-------+----------+-------------------------------------------
     0 | D        | dvd the Minotaur Fighter began the quest for the Orb.
     0 | D        | Reached XP level 1. HP: 19/19 MP: 0/0
     2 | D        | Noticed Ijyb
     8 | D        | Killed Ijyb
     8 | D        | Reached skill level 5 in Fighting
     8 | D        | Reached skill level 3 in Axes
     8 | D        | Reached skill level 5 in Armour
     8 | D        | Reached skill level 5 in Shields
     8 | D        | Reached XP level 2. HP: 28/29 MP: 1/1
    15 | D        | Noticed an ogre
    21 | D        | Killed an ogre
    21 | D        | Reached skill level 5 in Axes
    21 | D        | Reached XP level 3. HP: 38/38 MP: 2/2
    21 | D        | Reached XP level 4. HP: 45/45 MP: 3/3
    31 | D        | Noticed Sigmund
    38 | D        | Killed Sigmund
    38 | D        | Reached skill level 6 in Axes
    38 | D        | Reached XP level 5. HP: 53/53 MP: 4/4
    38 | D        | Reached XP level 6. HP: 61/61 MP: 5/5
    89 | D        | Found a deep blue altar of Sif Muna.
    91 | D        | Found a radiant altar of Vehumet.
   127 | D        | Found Riacut's Jewellery Emporium.
   127 | D        | Found an ancient bone altar of Kikubaaqudgha.
   127 | D        | Found a hazy altar of Hepliaklqana.
   127 | D        | Found a hide-covered altar of Uskayaw.
   127 | D        | Found a basalt altar of Yredelemnul.
   127 | D        | Found an opulent altar of Gozag.
   127 | D        | Found a snail-covered altar of Cheibriados.
   127 | D        | Found a sacrificial altar of Ru.
   127 | D        | Found a shadowy altar of Dithmenos.
   127 | D        | Noticed a yak
   136 | D        | Killed a yak
   136 | D        | Reached skill level 8 in Axes
   136 | D        | Reached skill level 1 in Dodging
   136 | D        | Reached skill level 10 in Shields
   137 | D        | Found a stormy altar of Qazlal.
   137 | D        | Found a blossoming altar of Fedhas.
   137 | D        | Found a bloodstained altar of Trog.
   137 | D        | Found an iron altar of Okawaru.
   137 | D        | Found a glowing golden altar of the Shining One.
   137 | D        | Found a glowing silver altar of Zin.
   137 | D        | Found a white marble altar of Elyvilon.
   138 | D        | Found a sparkling altar of Nemelex Xobeh.
   323 | D        | Noticed Sonja
   331 | D        | Killed Sonja
   331 | D        | Reached skill level 10 in Fighting
   331 | D        | Reached skill level 10 in Axes
   331 | D        | Reached skill level 10 in Armour
   331 | D        | Reached XP level 7. HP: 27/73 MP: 6/6
   331 | D        | Reached XP level 8. HP: 30/81 MP: 7/7
   380 | D        | Killed the 27-headed Lernaean hydra
   680 | D        | Noticed a deep troll
   690 | D        | Killed a deep troll
   690 | D        | Reached skill level 11 in Axes
   690 | D        | Reached skill level 1 in Stealth
   710 | D        | Became a worshipper of Hepliaklqana the Forgotten
   728 | D        | Found Qefaevit's Armour Emporium.
   736 | D        | Bought the +2 chain mail of Kueptupt {rC+ Dex+4} for 516 gold pieces
   963 | D        | Killed a gargoyle
  1005 | D        | Noticed a centaur warrior
  1006 | D        | Noticed a centaur warrior
  1027 | D        | Killed a centaur warrior
  1027 | D        | Reached skill level 12 in Axes
  1027 | D        | Reached XP level 9. HP: 47/81 MP: 8/8
  1030 | D        | Killed a centaur warrior
  1030 | D        | Reached skill level 13 in Axes
  1186 | D        | Noticed an oklob plant
  1464 | D        | Reached * piety under Hepliaklqana
  1467 | D        | Found Goag's Distillery.
  1477 | D        | Bought a potion of berserk rage for 50 gold pieces
  1496 | D        | Found a viscous altar of Jiyva.
  1496 | D        | Found a corrupted altar of Lugonu.
  1497 | D        | Found a burning altar of Makhleb.
  1497 | D        | Found a shimmering altar of Xom.
  1582 | D        | Noticed a kobold demonologist
  1584 | D        | Noticed a kobold demonologist
  1590 | D        | Killed a kobold demonologist
  1590 | D        | Reached skill level 14 in Axes
  1590 | D        | Reached skill level 1 in Evocations
  1590 | D        | Killed a kobold demonologist
  1596 | D        | Noticed a demonic crawler
  1596 | D        | Noticed a demonic crawler
  1596 | D        | Noticed a demonic crawler
  1596 | D        | Noticed a demonic crawler
  1602 | D        | Killed a demonic crawler
  1602 | D        | Reached XP level 10. HP: 90/90 MP: 9/9
  1644 | D        | Noticed a gargoyle
  1654 | D        | Killed a gargoyle
  1654 | D        | Reached skill level 15 in Axes
  1658 | D        | Reached ** piety under Hepliaklqana
  1659 | D        | Remembered your ancestor Si-Tayit as a hexer
  1975 | D        | Noticed a lindwurm
  1980 | D        | Killed a lindwurm
  2074 | D        | Annihilated by a lorocyproca

Skill      XL: |  1  2  3  4  5  6  7  8  9 10 |
---------------+-------------------------------+-----
Fighting       | 5 6 8 10 12 13 | 13.7
Axes           | 3 5 6 10 12 14 15 | 15.2
Armour         | 5 6 8 10 12 13 14 | 14.0
Shields        | 5 7 9 11 12 13 14 | 14.1
Dodging        | 2 3 4 |  4.9
Stealth        | 2 3 |  3.6
Evocations     | 1 |  1.6

Action                   |  1- 3 |  4- 6 |  7- 9 | 10-12 || total
-------------------------+-------+-------+-------+-------++-------
Melee: War axe           |    11 |    18 |    45 |    43 ||   117
       Headbutt          |     5 |     6 |    14 |    15 ||    40
Invok: Ancestor Identity |       |       |     1 |       ||     1
       Recall Ancestor   |       |       |     1 |       ||     1
       Ancestor Life: He |       |       |       |     1 ||     1
Evoke: Wand              |       |     1 |     3 |       ||     4
  Use: Potion            |       |     2 |     2 |     2 ||     6
       Scroll            |       |       |     3 |     1 ||     4
 Stab: Confused          |       |     1 |       |       ||     1
       Distracted        |       |       |       |     1 ||     1
  Eat: Chunk             |       |       |     1 |       ||     1
       Bread ration      |       |       |       |     1 ||     1
Armor: Scale mail        |     2 |       |       |       ||     2
       Chain mail        |       |       |    14 |     6 ||    20
Dodge: Dodged            |     3 |     3 |     9 |    13 ||    28
Block: Shield            |     7 |     9 |    29 |    18 ||    63
